 Dungeon Crawl Stone Soup version 0.30-a0-395-gfe72c296f8 (webtiles) character file.

Game seed: 4595153148976376504

39107 Emberiza the Severer (level 13, -12/118 HPs)
             Began as a Minotaur Berserker on Dec 7, 2022.
             Was a High Priest of Trog.
             Mangled by a catoblepas (18 damage)
             ... on level 5 of the Lair of Beasts.
             The game lasted 00:26:28 (16212 turns).

Emberiza the Severer (Minotaur Berserker)          Turns: 16212, Time: 00:26:29

Health: -12/118    AC: 22    Str: 26    XL:     13   Next: 67%
Magic:  12/12      EV: 15    Int:  4    God:    Trog [*****.]
Gold:   944        SH:  0    Dex: 11    Spells: 12/12 levels left

rFire   + + .      SeeInvis +    X - +0 battleaxe (elec)
rCold   . . .      Faith    .    (shield currently unavailable)
rNeg    + . .      Spirit   .    P - +8 ring mail of Viulex {*Slow rPois SInv}
rPois   +          Reflect  .    S - +0 hat
rElec   .          Harm     .    x - scarf {rC+ rF+}
rCorr   .          Rampage  .    i - +0 pair of gloves
Will    +....                    L - +0 pair of boots
Stlth   +.........               (no amulet)
HPRegen 0.39/turn                a - +4 ring of protection
MPRegen 0.13/turn                W - ring "Kyonofat" {Fire rPois rN+ Will+}

@: no status effects
A: horns 2, retaliatory headbutt, fangs 1, mutation resistance 1
a: Renounce Religion, Berserk, Trog's Hand, Brothers in Arms


You were on level 5 of the Lair of Beasts.
You worshipped Trog.
Trog was extremely pleased with you.
You visited 2 branches of the dungeon, and saw 15 of its levels.

You collected 944 gold pieces.

Inventory:

Hand Weapons
 X - a +0 battleaxe of electrocution (weapon)
Missiles
 U - 2 throwing nets
 Y - 5 boomerangs of dispersal (quivered)
Armour
 i - a +0 pair of gloves (worn)
 j - an orb of light
 n - a +0 plate armour
 t - the +0 ring mail of Absence {rPois}
   (You found it on level 5 of the Lair of Beasts)

   rPois:     It protects you from poison.
 x - a scarf of resistance (worn)
 L - a +0 pair of boots (worn)
 O - a +1 ring mail of poison resistance
 P - the +8 ring mail of Viulex (worn) {*Slow rPois SInv}
   (You found it on level 9 of the Dungeon)

   rPois:     It protects you from poison.
   SInv:      It lets you see invisible.
   *Slow:     It may slow you when you take damage.
 S - a +0 hat (worn)
Jewellery
 a - a +4 ring of protection (left hand)
 b - a ring of resist corrosion
 c - a ring of protection from fire
 d - a ring of magical power
 p - a +6 ring of dexterity
 q - an amulet of magic regeneration
 s - a ring of positive energy
 v - a ring of protection from fire
 A - a ring of fire
 C - a ring of fire
 F - a +4 ring of evasion
 H - a ring of see invisible
 T - an amulet of faith
 W - the ring "Kyonofat" (right hand) {Fire rPois rN+ Will+}
   (You found it on level 10 of the Dungeon)

   [ring of fire]

   It enhances your fire magic.
   rF:        It protects you from fire.
   rC:        It makes you vulnerable to cold.
   rPois:     It protects you from poison.
   rN:        It protects you from negative energy.
   Will:      It increases your willpower.
Wands
 f - a wand of roots (7)
 u - a wand of flame (17)
 y - a wand of paralysis (17)
 G - a wand of mindburst (4)
 Q - a wand of polymorph (8)
 V - a wand of quicksilver (12)
Scrolls
 e - 3 scrolls of fear
 l - 8 scrolls of teleportation
 m - 2 scrolls of enchant weapon
 w - a scroll of silence
 B - 2 scrolls of enchant armour
 D - 2 scrolls of amnesia
 N - 3 scrolls of magic mapping
Potions
 g - 4 potions of cancellation
 h - 3 potions of ambrosia
 k - 9 potions of curing
 o - a potion of berserk rage
 r - 3 potions of might
 z - 5 potions of heal wounds
 E - a potion of lignification
 I - 3 potions of flight
 J - a potion of haste {unknown}
 K - 2 potions of resistance
 M - a potion of experience {unknown}
 Z - 2 potions of invisibility


   Skills:
 + Level 12.3 Fighting
 - Level 20.0 Axes
 + Level 12.0 Armour
 + Level 11.0 Dodging


You had 12 spell levels left.
You didn't know any spells.
Your spell library was empty.

Dungeon Overview and Level Annotations

Branches:
Dungeon (10/15)            Temple (0/1) D:7            Lair (5/5) D:10
 Shoals (0/4) Lair:3        Snake (0/4) Lair:3        Slime (0/5) Lair:4
    Orc (0/2) D:10

Altars:
Ashenzari
Dithmenos
Elyvilon
Fedhas
Hepliaklqana
Kikubaaqudgha
Makhleb
Nemelex Xobeh
Okawaru
Qazlal
Ru
Trog
Jiyva

Shops:
D:7 *

Annotations:
D:3 2 transporters, fly's ghost, weakling DgDe
Lair:2 1 runed translucent door


Innate Abilities, Weirdness & Mutations

You have a pair of horns on your head.
You reflexively headbutt those who attack you in melee.
You have very sharp teeth.
You are somewhat resistant to further mutation.


Message History

You have turned to stone.
The catoblepas gores you!
* * * LOW HITPOINT WARNING * * *
The catoblepas gores you but does no damage.
You feel yourself speed up. The catoblepas gores you!!
* * * LOW HITPOINT WARNING * * *
The catoblepas gores you!
* * * LOW HITPOINT WARNING * * *
The catoblepas breathes a plume of calcifying dust at you.
The blast of calcifying dust hits you but does no damage.
The blast of calcifying dust hits the plant.
The plant begins to die.
You are engulfed in calcifying dust.
The plant is engulfed in calcifying dust.
The catoblepas breathes a plume of calcifying dust at you.
The blast of calcifying dust hits you but does no damage.
The blast of calcifying dust hits the plant!
You are engulfed in calcifying dust.
The plant is engulfed in calcifying dust.
The catoblepas gores you but does no damage.
You are engulfed in calcifying dust.
The plant is engulfed in calcifying dust.
The catoblepas breathes a plume of calcifying dust at you.
The blast of calcifying dust hits you but does no damage.
The blast of calcifying dust hits the plant.
You are engulfed in calcifying dust.
A nearby plant withers and dies.
The catoblepas breathes a plume of calcifying dust at you.
The blast of calcifying dust hits you but does no damage.
The catoblepas breathes a plume of calcifying dust at you.
The blast of calcifying dust hits you but does no damage.
You turn to flesh and can move again.
The catoblepas gores you but does no damage.
You see here a yak corpse.
You slash the catoblepas!
The catoblepas is almost dead.
The catoblepas breathes a plume of calcifying dust at you.
The blast of calcifying dust hits you but does no damage.
The catoblepas gores you!!
You die...

...8.............###
......8....#######
..8......### #......###
###### ##.....P#
####P...###.. #...###..#
#P...8....... ...#### ##
#....8.....# ..###†###
###Y8..P.8..# .##...††##
#.@§§.8.8..##
.....#.†.###
##..##.....##
....##...†.###..####§..P#
...####........## #..##
.### ##.###...## .## ##
##..# ##...# .. #####..##
#...## . .##...## ##..###
## ......### ##...##


You could see a catoblepas.

Vanquished Creatures
  Gastronok (D:9)
  A hydra (Lair:4)
  A catoblepas (Lair:5)
  7 death yaks
  Pikel (D:5)
  A manticore (Lair:5)
  An ugly thing (D:9)
  6 black mambas
  2 merfolk sirens (Lair:3)
  18 elephants
  9 cane toads
  2 rime drakes (Lair:5)
  Psyche (D:9)
  8 komodo dragons
  2 merfolk (Lair:3)
  2 trolls (D:9)
  A polar bear (Lair:5)
  Grinder (D:6)
  13 blink frogs
  2 dream sheep (Lair:5)
  A wraith (D:9)
  6 wyverns
  31 yaks
  2 shadows (D:10)
  2 basilisks
  4 vampire mosquitoes (D:10)
  A steam dragon (D:10)
  4 wargs (D:10)
  An acid dragon (D:9)
  13 water moccasins
  6 orc warriors
  2 sky beasts
  2 ice beasts (D:6)
  A black bear (D:10)
  An ogre (D:6)
  4 centaurs
  A phantom (D:6)
  2 kobold brigands (D:8)
  4 scorpions
  8 bullfrogs
  6 necrophages
  A wight (D:9)
  2 howler monkeys
  16 jellies
  2 gnoll boudas
  2 hounds
  6 orc priests
  8 iguanas
  8 orc wizards
  5 gnolls (D:10)
  8 adders
  A white imp (D:6)
  3 ufetubi
  2 dart slugs
  26 orcs
  4 ball pythons
  9 endoplasms
  2 giant cockroaches
  7 goblins
  9 hobgoblins
  9 jackals
  5 quokkas
  5 bats
  7 frilled lizards
  17 kobolds
  4 rats
  A butterfly (Lair:3)
351 creatures vanquished.

Vanquished Creatures (collateral kills)
  Nergalle (D:10)
  A kobold demonologist (D:10)
  An orc priest (D:10)
3 creatures vanquished.

Vanquished Creatures (others)
  35 fungi
  59 plants
  9 toadstools (Lair:2)
103 creatures vanquished.

Grand Total: 457 creatures vanquished

Notes
Turn   | Place    | Note
-------+----------+-------------------------------------------
     0 | D:1      | Emberiza the Minotaur Berserker began the quest for the
                  | Orb.
     0 | D:1      | Reached XP level 1. HP: 19/19 MP: 0/0
    85 | D:1      | Reached skill level 4 in Axes
   119 | D:1      | Reached XP level 2. HP: 26/26 MP: 1/1
   776 | D:2      | Reached skill level 5 in Axes
   779 | D:2      | Reached XP level 3. HP: 29/31 MP: 2/2
   841 | D:2      | Reached ** piety under Trog
   956 | D:2      | Identified the +1 scale mail "Qividu" {Int+3 Stlth+}
  1735 | D:3      | Found a shadowy altar of Dithmenos.
  1743 | D:3      | Reached XP level 4. HP: 37/39 MP: 3/3
  1744 | D:3      | Reached skill level 6 in Axes
  1976 | D:3      | Noticed a phantom
  1977 | D:3      | Noticed fly's ghost (weakling DgDe)
  1980 | D:3      | Found a transporter.
  2088 | D:3      | Found a transporter.
  2323 | D:4      | Noticed a scorpion
  2340 | D:4      | Killed a scorpion
  2341 | D:4      | Reached skill level 7 in Axes
  2341 | D:4      | Reached XP level 5. HP: 44/45 MP: 4/4
  2440 | D:4      | Found a broken altar of Ashenzari.
  2568 | D:4      | Found a sparkling altar of Nemelex Xobeh.
  2884 | D:4      | Reached *** piety under Trog
  2905 | D:4      | Reached skill level 8 in Axes
  3235 | D:5      | Entered Level 5 of the Dungeon
  3245 | D:5      | Reached XP level 6. HP: 44/51 MP: 5/5
  3594 | D:5      | Reached skill level 9 in Axes
  3631 | D:5      | Found a burning altar of Makhleb.
  3675 | D:5      | Noticed Pikel
  3690 | D:5      | Killed Pikel
  3691 | D:5      | Reached skill level 11 in Axes
  3691 | D:5      | Reached XP level 7. HP: 57/57 MP: 6/6
  4095 | D:6      | Identified the +7 sling "Embalmer" {drain, rElec rF+ Str+2}
  4117 | D:6      | Reached XP level 8. HP: 64/64 MP: 7/7
  4132 | D:6      | Noticed Grinder
  4141 | D:6      | Killed Grinder
  4142 | D:6      | Reached skill level 12 in Axes
  4264 | D:6      | Reached skill level 13 in Axes
  4623 | D:6      | Reached skill level 14 in Axes
  4753 | D:6      | Reached XP level 9. HP: 67/70 MP: 8/8
  5061 | D:7      | Found a staircase to the Ecumenical Temple.
  5079 | D:7      | Reached skill level 15 in Axes
  5214 | D:7      | You fall into a shaft and drop 1 floor!
  5232 | D:8      | Found a white marble altar of Elyvilon.
  5255 | D:7      | Gained mutation: You are somewhat resistant to further
                  | mutation. [potion of mutation]
  5255 | D:7      | Gained mutation: You have very sharp teeth. [potion of
                  | mutation]
  5276 | D:7      | Found Qiontu's General Store.
  5973 | D:8      | Reached skill level 16 in Axes
  6213 | D:8      | Reached **** piety under Trog
  6234 | D:8      | Noticed a komodo dragon
  6241 | D:8      | Killed a komodo dragon
  6595 | D:9      | Identified the +8 ring mail of Viulex {*Slow rPois SInv}
  6608 | D:9      | Reached skill level 17 in Axes
  6608 | D:9      | Reached XP level 10. HP: 44/77 MP: 9/9
  6838 | D:9      | Found an ancient bone altar of Kikubaaqudgha.
  6868 | D:9      | Noticed Gastronok
  6884 | D:9      | Killed Gastronok
  6917 | D:9      | Noticed Psyche
  6923 | D:9      | Killed Psyche
  6924 | D:9      | Reached skill level 18 in Axes
  7097 | D:9      | Noticed a white ugly thing
  7103 | D:9      | Killed a white ugly thing
  7733 | D:9      | Reached skill level 19 in Axes
  7890 | D:9      | Found a bloodstained altar of Trog.
  7890 | D:9      | Found a stormy altar of Qazlal.
  7891 | D:9      | Found an iron altar of Okawaru.
  8038 | D:10     | Entered Level 10 of the Dungeon
  8758 | D:10     | Found a staircase to the Orcish Mines.
  8767 | D:10     | Noticed Nergalle
  8788 | D:10     | Killed Nergalle
  8789 | D:10     | Reached XP level 11. HP: 20/79 MP: 10/10
  8829 | D:10     | Reached skill level 20 in Axes
  9280 | D:10     | Found a staircase to the Lair.
  9359 | D:10     | Identified the ring "Kyonofat" {Fire rPois rN+ Will+}
  9430 | D:10     | Found a sacrificial altar of Ru.
  9550 | D:10     | Reached skill level 5 in Fighting
  9919 | D:10     | Found a hazy altar of Hepliaklqana.
 10281 | Lair:1   | Entered Level 1 of the Lair of Beasts
 10385 | Lair:1   | Reached skill level 5 in Armour
 11090 | Lair:2   | Reached skill level 5 in Dodging
 11870 | Lair:2   | Noticed a death yak
 11879 | Lair:2   | Killed a death yak
 11880 | Lair:2   | Reached XP level 12. HP: 83/101 MP: 11/11
 12046 | Lair:2   | Noticed a dire elephant
 12066 | Lair:2   | Found a runed translucent door.
 12546 | Lair:3   | Found a staircase to the Shoals.
 12842 | Lair:3   | Found a staircase to the Snake Pit.
 13408 | Lair:3   | Found a blossoming altar of Fedhas.
 14172 | Lair:4   | Noticed a four-headed hydra
 14185 | Lair:4   | Killed a ten-headed hydra
 14424 | Lair:4   | Reached skill level 10 in Fighting
 14692 | Lair:4   | Reached ***** piety under Trog
 14702 | Lair:4   | Reached skill level 10 in Armour
 14724 | Lair:4   | Reached XP level 13. HP: 71/114 MP: 12/12
 14854 | Lair:4   | Found a staircase to the Slime Pits.
 14856 | Lair:4   | Found a viscous altar of Jiyva.
 15129 | Lair:5   | Entered Level 5 of the Lair of Beasts
 15299 | Lair:5   | Reached skill level 10 in Dodging
 15635 | Lair:5   | Identified the +0 ring mail of Absence {rPois}
 16203 | Lair:5   | HP: 3/118 [catoblepas (8)]
 16212 | Lair:5   | Mangled by a catoblepas

Illustrated notes

Levels and vault maps discovered:
D:1:      minmay_arrival_radiant_lines, layout_loops_ring
D:2:      layout_loops_cross, serial_forest, infiniplex_forest_clump_curved,
          infiniplex_forest_lined_3, infiniplex_forest_lined_corner,
          infiniplex_forest_clump_diagonal, infiniplex_forest_clump_small,
          infiniplex_forest_lined_room_3, infiniplex_forest_clump_C,
          nrook_loot_triangle
D:3:      layout_basic, nicolae_dithmenos_shadow_blocks, gammafunk_ghost_arena,
          kennysheep_nondescript
D:4:      layout_loops_cross, ashenzari_conservatory_becter, kennysheep_mini,
          amethyst_killhole, minmay_surrounded
D:5:      layout_basic, lemuel_round_altar, uniq_pikel
D:6:      minmay_chambers_of_fours, layout_rooms, uniq_grinder
D:7:      layout_cave_pools, minmay_temple_entry_statues_pillars, serial_shops,
          nicolae_shop_stone
D:8:      layout_cave_pods, elyvilon_altar_4, minmay_lizard_king
D:9:      layout_loops_ring, kiku_gazebo_pond_becter,
          gammafunk_temple_overflow_claw, kennysheep_generic_room_8,
          uniq_psyche, uniq_gastronok
D:10:     layout_layer_cave, nzn_hepliaklqana_mist_gate,
          nicolae_ru_sacrificial_ziggurat, grunt_lair_entry_orc_guard_hut,
          orc_0_dummy, nooodl_orcs_dogs, uniq_nergalle
Lair:1:   layout_regular_city, dreamdust_mushroom_princess
Lair:2:   gammafunk_lair_enchanted_lake, layout_chaotic_city
Lair:3:   layout_concentric_octagons, elwin_shoals_entry_stream,
          dummy_snake_entry, basic_altar, serial_bayou_shore_b,
          lemuel_fruit_fields
Lair:4:   layout_loops_ring, minmay_slime_entry_jelly_boxes
Lair:5:   evilmike_catoblepas_cave, layout_regular_city,
          dreamdust_gnoll_shepherd

Skill      XL: |  1  2  3  4  5  6  7  8  9 10 11 12 13 |
---------------+----------------------------------------+-----
Axes           | 4 5 7 8 11 14 17 19 20 | 20.0
Fighting       | 7 10 12 | 12.3
Armour         | 7 10 12 | 12.0
Dodging        | 6 9 11 | 11.0

Action                   |  1- 3 |  4- 6 |  7- 9 | 10-12 | 13-15 || total
-------------------------+-------+-------+-------+-------+-------++-------
Melee: Hand axe          |    80 |   119 |   199 |   172 |       ||   570
       Headbutt          |    13 |    26 |    62 |   110 |    47 ||   258
       Punch             |     1 |     1 |       |       |       ||     2
       Bite              |       |       |     8 |    63 |    26 ||    97
       Battleaxe         |       |       |       |   240 |   148 ||   388
Throw: Dart              |       |     1 |       |       |       ||     1
       Boomerang         |       |       |       |     1 |       ||     1
Invok: Berserk           |       |     2 |     3 |     8 |     1 ||    14
       Trog's Hand       |       |       |     1 |     1 |     2 ||     4
       Brothers in Arms  |       |       |       |     1 |       ||     1
Evoke: Wand              |       |       |     1 |       |       ||     1
  Use: Scroll            |     5 |     4 |     4 |    13 |     3 ||    29
       Potion            |       |       |     1 |     1 |     1 ||     3
 Stab: Petrified         |       |       |       |       |     4 ||     4
Armor: Animal skin       |     7 |       |       |       |       ||     7
       Chain mail        |    20 |    16 |    68 |       |       ||   104
       Plate armour      |     7 |    27 |       |       |       ||    34
       Ring mail         |       |       |       |   145 |    69 ||   214
Dodge: Dodged            |    39 |    43 |    62 |   243 |    84 ||   471

Table legend: (Time is in decaauts)
 A = Elapsed time spent in this place.
 B = Non-inter-level travel time spent in this place.
 C = Inter-level travel time spent in this place.
 D = Time resting spent in this place.
 E = Time spent auto-exploring this place.
 F = Levels seen in this place.
 G = Mean time per level.
                   A        B        C        D        E       F      G
               +--------+--------+--------+--------+--------+-----+--------+
         Total |  16150 |  15457 |    693 |   2572 |  10670 |  15 | 1076.7 |
       Dungeon |  10246 |   9730 |    516 |   1208 |   7067 |  10 | 1024.6 |
          Lair |   5904 |   5727 |    177 |   1364 |   3603 |   5 | 1180.8 |
               +--------+--------+--------+--------+--------+-----+--------+

Top non-repeatable levels by time:
    D:10: 2220 daAuts
  Lair:3: 1532 daAuts
  Lair:2: 1502 daAuts
     D:9: 1489 daAuts
  Lair:5: 1053 daAuts
  Lair:4: 1038 daAuts
     D:8: 976 daAuts
     D:4: 916 daAuts
     D:6: 886 daAuts
     D:2: 867 daAuts
     D:5: 854 daAuts
  Lair:1: 777 daAuts
     D:1: 743 daAuts
     D:3: 717 daAuts
     D:7: 573 daAuts
